 Dungeon Crawl Stone Soup version 0.21.1-1-g345015f (webtiles) character file.

231 murderchurch the Firebug (level 5, -2/28 HPs)
             Began as a Deep Elf Fire Elementalist on July 22, 2018.
             Slain by an orc
             ... wielding a cursed -1 mace
              (6 damage)
             ... on level 4 of the Dungeon.
             The game lasted 00:09:43 (3191 turns).

murderchurch the Firebug (DEFE)                     Turns: 3191, Time: 00:09:43

Health: -2/28      AC:  3    Str:  5    XL:     5   Next: 73%
Magic:  6/13       EV: 13    Int: 21    God:
Gold:   197        SH:  0    Dex: 15    Spells: 3/13 levels left

rFire    . . .     SeeInvis .   a - +0 dagger
rCold    . . .     Gourm    .   (no shield)
rNeg     . . .     Faith    .   h - +0 robe
rPois    .         Spirit   .   p - +1 hat
rElec    .         Reflect  .   (no cloak)
rCorr    .         Harm     .   (no gloves)
MR       .....                  (no boots)
Stlth    +++.......             (no amulet)
HPRegen  0.09/turn              l - ring of stealth
MPRegen  0.13/turn              (no ring)

@: very slightly contaminated, slowed, very slow
A: no striking features
a: no special abilities


You were on level 4 of the Dungeon.
You were hungry.

You visited 1 branch of the dungeon, and saw 4 of its levels.

You collected 197 gold pieces.

Inventory:

Hand Weapons
 a - a +0 dagger (weapon)
 b - a +0 hand axe
 u - a +0 lajatang
Armour
 h - a +0 robe (worn)
 p - a +1 hat (worn)
Jewellery
 l - a ring of stealth (left hand)
Scrolls
 d - 3 scrolls of fear
 f - a scroll of identify
 o - 2 scrolls of fog
Potions
 g - a potion of curing {unknown}
 i - 2 potions of mutation
 n - a potion of magic
 q - a potion of heal wounds {unknown}
 s - a potion of brilliance {unknown}
Books
 e - a book of Flames

   Spells                             Type                      Level
   a - Flame Tongue                   Conjuration/Fire             1
   b - Throw Flame                    Conjuration/Fire             2
   c - Conjure Flame                  Conjuration/Fire             3
   d - Inner Flame                    Hexes/Fire                   3
   e - Sticky Flame                   Conjuration/Fire             4
   f - Fireball                       Conjuration/Fire             5
Comestibles
 c - 6 rations


   Skills:
 + Level 2.8 Dodging
 - Level 2.4 Stealth
 + Level 4.6 Spellcasting
 * Level 4.3 Conjurations
 * Level 4.6 Fire Magic


You had 3 spell levels left.
You knew the following spells:

 Your Spells              Type           Power        Failure   Level  Hunger
a - Flame Tongue          Conj/Fire      ###..        1%          1    None
b - Throw Flame           Conj/Fire      ###...       2%          2    #......
c - Conjure Flame         Conj/Fire      ###.....     5%          3    ##.....
d - Sticky Flame          Conj/Fire      ###.....     19%         4    ####...


Dungeon Overview and Level Annotations

Branches:
Dungeon (4/15)
 Temple: D:4-7

Altars:
Dithmenos
Trog

Annotations:
D:4 1 transporter


Message History

* * * LOW HITPOINT WARNING * * *
An orc comes into view. It is wielding a flail.
Casting: Throw Flame
Confirm with . or Enter, or press ? or * to list all spells.
Aiming: Throw Flame
Press: ? - help, Shift-Dir - straight line, f/p - orc
Aim: an orc, wearing a leather armour The puff of flame hits the orc.
You kill the orc!
The orc hits you but does no damage.
Casting: Throw Flame
Confirm with . or Enter, or press ? or * to list all spells.
Aiming: Throw Flame
Press: ? - help, Shift-Dir - straight line, f - orc
Aim: an orc, wielding an enchanted mace and wearing a chain mail The puff of flame hits the orc.
The orc is lightly wounded.
You hear the rusting of a very distant drain.
The orc hits you with an enchanted mace.
You die...

#...... #
#......############
. #......
........(.. ?
....... !.........
≈ ....... .........
≈
.....o.##+#).......
≈
........+_+@.......
.
.o....†.#'#o.......
.
.......#)..o.......
#
...#####...........
.
...#####...........


8P$ .o....§............ ## ................... .. ................... .
...........####+######## # You could see 2 orcs.

Vanquished Creatures
  2 orc wizards (D:4)
  An iguana (D:3)
  A worker ant (D:4)
  A gnoll (D:1)
  4 adders
  An ooze (D:2)
  A worm (D:2)
  4 dart slugs
  4 leopard geckos
  An orc (D:4)
  A ball python (D:1)
  7 giant cockroaches
  4 goblins
  6 hobgoblins
  2 jackals (D:4)
  5 kobolds
  A quokka (D:3)
  7 bats
  3 frilled lizards
  13 rats
69 creatures vanquished.

Notes
Turn   | Place    | Note
-------+----------+-------------------------------------------
     0 | D:1      | murderchurch the Deep Elf Fire Elementalist began the quest for the Orb.
     0 | D:1      | Reached XP level 1. HP: 10/10 MP: 6/6
   133 | D:1      | Reached XP level 2. HP: 10/15 MP: 1/8
   268 | D:1      | Learned a level 2 spell: Throw Flame
   810 | D:1      | Reached XP level 3. HP: 19/19 MP: 6/10
   844 | D:1      | Learned a level 3 spell: Conjure Flame
  2046 | D:2      | Reached XP level 4. HP: 24/24 MP: 7/11
  2238 | D:3      | Learned a level 4 spell: Sticky Flame
  2319 | D:3      | Found a shadowy altar of Dithmenos.
  2822 | D:3      | Reached XP level 5. HP: 28/28 MP: 10/13
  3083 | D:4      | Found a transporter.
  3154 | D:4      | Found a bloodstained altar of Trog.
  3191 | D:4      | Slain by an orc

Skill      XL: |  1  2  3  4  5 |
---------------+----------------+-----
Conjurations   | 2 3 4 |  4.3
Spellcasting   | 4 |  4.6
Fire Magic     | 4 |  4.6
Dodging        | |  2.8
Stealth        | |  2.4

Action                   |  1- 3 |  4- 6 || total
-------------------------+-------+-------++-------
Melee: Dagger            |     2 |     7 ||     9
 Cast: Flame Tongue      |    70 |    53 ||   123
       Throw Flame       |       |     6 ||     6
       Conjure Flame     |       |     1 ||     1
       Sticky Flame      |       |     1 ||     1
  Use: Scroll            |       |    10 ||    10
       Potion            |       |     1 ||     1
 Stab: Sleeping          |     1 |     1 ||     2
  Eat: Chunk             |     3 |     3 ||     6
Armor: Robe              |     3 |     6 ||     9
Dodge: Dodged            |    11 |    18 ||    29
